 Dungeon Crawl Stone Soup version 0.29-a0-670-g5ff2a30383 (webtiles) character file.

Game seed: 15535997443859950386

23691 PentaManta the Marksspriggan (level 12, -2/53 HPs)
             Began as a Spriggan Hunter on June 24, 2022.
             Was an Initiate of Gozag.
             Slain by a centaur warrior
             ... wielding a +0 mace
              (19 damage)
             ... on level 11 of the Dungeon.
             The game lasted 00:34:52 (15488 turns).

PentaManta the Marksspriggan (Spriggan Hunter)     Turns: 15488, Time: 00:34:52

Health: -2/53      AC:  5    Str:  7    XL:     12   Next: 74%
Magic:  13/13      EV: 36    Int: 11    God:    Gozag
Gold:   3256       SH:  5    Dex: 23    Spells: 11/11 levels left

rFire   + . .      SeeInvis +   a - +4 shortbow (vorpal)
rCold   . . .      Faith    .   (shield currently unavailable)
rNeg    . . .      Spirit   .   H - +1 robe {rF+}
rPois   +          Reflect  +   (helmet restricted)
rElec   .          Harm     .   C - +1 cloak
rCorr   .          Rampage  .   (gloves unavailable)
Will    ++...                   (boots unavailable)
Stlth   ++........              D - amulet of reflection
HPRegen 0.17/turn               k - ring of flight
MPRegen 0.13/turn               E - ring of poison resistance

@: flying, studying Fighting, very quick
A: very small, no large weapons, unfitting armour, see invisible, speed 3
a: Renounce Religion, Potion Petition, Call Merchant, Bribe Branch


You were on level 11 of the Dungeon.
You worshipped Gozag.
Gozag was most pleased with you.
You visited 2 branches of the dungeon, and saw 12 of its levels.
You also visited: Bailey.

You collected 3554 gold pieces.
You spent 203 gold pieces at shops.
You paid 95 gold pieces to Gozag.

Inventory:

Hand Weapons
 a - a +4 vorpal shortbow (weapon)
 j - a +2 short sword of venom
Missiles
 m - 42 poisoned darts
 y - a throwing net
 z - 2 curare-tipped darts
Armour
 C - a +1 cloak (worn)
 H - a +1 robe of fire resistance (worn)
 J - +0 fire dragon scales
Jewellery
 k - a ring of flight (left hand)
 o - a ring of ice
 s - the ring of Havass {Fire rPois rN+ Str+4 Dex-3 Stlth+}
   (You found it on level 5 of the Dungeon)

   [ring of fire]

   It enhances your fire magic.
   Str:       It affects your strength (+4).
   Dex:       It affects your dexterity (-3).
   rF:        It protects you from fire.
   rC:        It makes you vulnerable to cold.
   rPois:     It protects you from poison.
   rN:        It protects you from negative energy.
   Stlth:     It makes you more stealthy.
 D - an amulet of reflection (around neck)
 E - a ring of poison resistance (right hand)
Wands
 u - a wand of polymorph (2)
 I - a wand of charming (8)
Scrolls
 b - a scroll of amnesia
 c - 5 scrolls of immolation
 r - 7 scrolls of magic mapping
 v - 4 scrolls of teleportation
 w - 3 scrolls of blinking
 x - a scroll of fog
 A - a scroll of poison
 B - 4 scrolls of enchant armour
Potions
 d - 2 potions of mutation
 e - 3 potions of attraction
 f - 2 potions of might
 g - 3 potions of brilliance
 h - 2 potions of ambrosia
 i - 5 potions of curing
 l - a potion of invisibility
 n - 2 potions of cancellation {unknown}
 p - 2 potions of heal wounds
 q - 4 potions of berserk rage {unknown}
 t - 2 potions of flight {unknown}
 G - a potion of lignification {unknown}
Miscellaneous
 F - a phial of floods (inert)


   Skills:
 - Level 1.5 Fighting
 - Level 19.2 Bows
 + Level 18.5 Dodging
 - Level 1.5 Stealth


You had 11 spell levels left.
You didn't know any spells.
Your spell library contained the following spells:

 Spells                   Type           Power      Damage    Failure   Level
 Magic Dart               Conj           0%         1d3       34%         1
 Shock                    Conj/Air       0%         1d3       34%         1
 Call Imp                 Summ           0%         N/A       47%         2
 Poisonous Vapours        Pois/Air       0%         N/A       47%         2
 Sublimation of Blood     Necr           0%         N/A       47%         2
 Gell's Gravitas          Tloc           0%         N/A       71%         3
 Mephitic Cloud           Conj/Pois/Air  0%         N/A       71%         3
 Ozocubu's Armour         Ice            0%         N/A       71%         3
 Swiftness                Air            0%         N/A       71%         3
 Teleport Other           Tloc           0%         N/A       71%         3
 Tukima's Dance           Hex            0%         N/A       71%         3
 Airstrike                Air            0%         N/A       98%         4
 Hailstorm                Conj/Ice       0%         3d3       98%         4
 Ice Form                 Ice/Tmut       0%         N/A       98%         4
 Passage of Golubria      Tloc           0%         N/A       98%         4
 Petrify                  Tmut/Erth      0%         N/A       98%         4
 Summon Lightning Spire   Summ/Air       0%         N/A       98%         4
 Irradiate                Conj/Tmut      0%         3d13      100%        5
 Lightning Bolt           Conj/Air       0%         1d11      100%        5
 Metabolic Englaciation   Hex/Ice        0%         N/A       100%        5
 Yara's Violent Unravell  Hex/Tmut       0%         3d3       100%        5
 Dispersal                Tloc           0%         N/A       100%        6
 Haunt                    Necr/Summ      0%         N/A       100%        7
 Infestation              Necr           0%         N/A       100%        8
 Animate Dead             Necr           Unusable   N/A       N/A         4
 Corpse Rot               Necr/Pois/Air  Unusable   N/A       N/A         4
 Simulacrum               Ice/Necr       Unusable   N/A       N/A         6

Dungeon Overview and Level Annotations

Branches:
Dungeon (11/15)            Temple (1/1) D:4            Lair (0/6) D:11
    Orc (0/2) D:9          Bailey (visited)

Altars:
Ashenzari
Cheibriados
Dithmenos
Elyvilon
Fedhas
Gozag
Hepliaklqana
Kikubaaqudgha
Makhleb
Nemelex Xobeh
Okawaru
Qazlal
Ru
Sif Muna
Trog
Uskayaw
Vehumet
Wu Jian
Xom
Yredelemnul
Zin
The Shining One

Shops:
D:6 (   D:8 ?

Annotations:
D:4 1 exclusion
D:10 Joseph


Innate Abilities, Weirdness & Mutations

You are very small and have problems with some larger weapons.
You are too small for most types of armour.
You have supernaturally acute eyesight. (SInv)
You cover ground extremely quickly. (Speed+++)


Message History

Aim: a centaur warrior, wielding a +0 mace and wearing an amulet of faith (heavily wounded, chance to affect: 31%)
Okay, then.
Shoot: a) +4 shortbow (vorpal)
Press: ? - help, Q - select action, (/) - cycle Shift-Dir - straight line, f/p - centaur warrior
Aim: a centaur warrior, wielding a +0 mace and wearing an amulet of faith (heavily wounded, 78% to hit)
You shoot an arrow.
The arrow closely misses the centaur warrior.
The centaur warrior hits you with a +0 mace.
* * * LOW HITPOINT WARNING * * *
The centaur warrior kicks you.
* * * LOW HITPOINT WARNING * * *
You feel much better. The centaur warrior barely misses you.
The centaur warrior kicks you. The centaur warrior misses you. x2
Shoot: a) +4 shortbow (vorpal)
Press: ? - help, Q - select action, (/) - cycle Shift-Dir - straight line, f/p - centaur warrior
Aim: a centaur warrior, wielding a +0 mace and wearing an amulet of faith (heavily wounded, 78% to hit)
You shoot an arrow. The arrow hits the centaur warrior!
The centaur warrior is severely wounded.
The centaur warrior hits you with a +0 mace!
* * * LOW HITPOINT WARNING * * *
The centaur warrior completely misses you.
You feel much better. The centaur warrior barely misses you.
The centaur warrior kicks you.
Shoot: a) +4 shortbow (vorpal)
Press: ? - help, Q - select action, (/) - cycle Shift-Dir - straight line, f/p - centaur warrior
Aim: a centaur warrior, wielding a +0 mace and wearing an amulet of faith (severely wounded, 78% to hit)
You shoot an arrow. The arrow hits the centaur warrior!
The centaur warrior is almost dead.
The centaur warrior completely misses you.
The centaur warrior kicks you but does no damage.
Shoot: a) +4 shortbow (vorpal)
Press: ? - help, Q - select action, (/) - cycle Shift-Dir - straight line, f/p - centaur warrior
Aim: a centaur warrior, wielding a +0 mace and wearing an amulet of faith (almost dead, 78% to hit)
You shoot an arrow.
The arrow barely misses the centaur warrior.
The centaur warrior hits you with a +0 mace!
The centaur warrior kicks you.
The centaur warrior hits you with a +0 mace!!
You die...
Your body crumbles into a pile of gold.

## #..#.........#)#
#
#..#.###.......####
####..#.#
#.##>.#....######
......#.#
#.##............#
...)..#.#
#.##.......####.#
#####'#.#
#.##.#..#..#
......#.#
#.##....#..#
......#.#
#....c..#..#
####..#
####.#@##..# $
......# #.#.##...
......# #.#.##.#.#
####### #.#.# ....
#.#.# #c#}# #.#..
... ###


You could see a centaur warrior.

Vanquished Creatures
  A boulder beetle (D:11)
  2 hydras
  Harold (D:9)
  3 two-headed ogres (D:11)
  Amaemon (D:9)
  Pikel (D:7)
  An orc knight (D:11)
  A cyclops (D:11)
  2 ugly things (D:11)
  A manticore (D:11)
  Maurice (D:8)
  An orange demon (D:9)
  An unseen horror (D:11)
  A gargoyle (D:11)
  A kobold demonologist (D:11)
  2 komodo dragons
  4 trolls
  Grinder (D:3)
  Prince Ribbit (D:9)
  2 dream sheep (D:10)
  Sigmund (D:3)
  A centaur simulacrum (D:11)
  4 shadows
  16 yaks
  4 wyverns
  A basilisk (D:11)
  5 wraiths (D:11)
  Grum (D:10)
  A steam dragon (D:9)
  An acid dragon (D:11)
  2 sky beasts
  6 ice beasts
  20 orc warriors
  2 black bears (D:6)
  2 wolves (D:10)
  4 ogres
  17 centaurs
  A phantom (D:7)
  3 bullfrogs
  6 kobold brigands
  2 necrophages
  5 scorpions
  2 gnoll sergeants (D:9)
  8 wights (D:9)
  2 killer bees (D:11)
  3 howler monkeys
  An electric eel (D:9)
  10 hounds
  2 jellies
  A gnoll shaman (D:6)
  8 orc priests
  Terence (D:3)
  5 iguanas
  Natasha (thrice) (D:4)
  10 orc wizards
  Robin (D:3)
  9 gnolls
  17 adders
  2 river rats
  A shadow imp (D:7)
  2 white imps
  An ufetubus (D:6)
  2 worms
  7 dart slugs
  48 orcs
  5 bats
  5 endoplasms
  5 giant cockroaches
  24 goblins
  9 hobgoblins
  7 jackals (D:1)
  2 quokkas
  5 ball pythons
  5 frilled lizards
  14 kobolds
  7 rats
368 creatures vanquished.

Vanquished Creatures (others)
  A killer bee (D:11)
  4 plants
5 creatures vanquished.

Grand Total: 373 creatures vanquished

Notes
Turn   | Place    | Note
-------+----------+-------------------------------------------
     0 | D:1      | PentaManta the Spriggan Hunter began the quest for the Orb.
     0 | D:1      | Reached XP level 1. HP: 10/10 MP: 2/2
    18 | D:1      | Reached skill level 5 in Bows
    18 | D:1      | Reached XP level 2. HP: 14/14 MP: 3/3
   164 | D:1      | Reached skill level 6 in Bows
   170 | D:1      | Reached XP level 3. HP: 18/18 MP: 4/4
   505 | D:1      | Found a faded altar of an unknown god.
   820 | D:2      | Reached XP level 4. HP: 22/22 MP: 5/5
   847 | D:2      | Reached skill level 7 in Bows
  1598 | D:3      | Noticed Robin
  1633 | D:2      | Reached XP level 5. HP: 15/25 MP: 6/6
  1753 | D:3      | Killed Robin
  1866 | D:3      | Noticed Grinder
  1899 | D:3      | HP: 1/25 [Grinder/nerve-wracking pain (9)]
  1912 | D:3      | Killed Grinder
  1913 | D:3      | Reached skill level 9 in Bows
  1913 | D:3      | Reached XP level 6. HP: 24/30 MP: 7/7
  2234 | D:3      | Noticed Sigmund
  2442 | D:3      | Killed Sigmund
  2443 | D:3      | Reached skill level 10 in Bows
  2443 | D:3      | Reached XP level 7. HP: 28/33 MP: 8/8
  2505 | D:3      | Noticed Terence
  2509 | D:3      | Killed Terence
  2859 | D:4      | Noticed Natasha
  2861 | D:4      | Reached skill level 11 in Bows
  3052 | D:4      | Killed Natasha
  3144 | D:4      | Noticed Natasha
  3146 | D:4      | Killed Natasha
  3423 | D:4      | Found a staircase to the Ecumenical Temple.
  3432 | Temple   | Entered the Ecumenical Temple
  3609 | Temple   | Became a worshipper of Gozag Ym Sagoz the Greedy
  3686 | D:4      | Noticed Natasha
  3694 | D:4      | Killed Natasha
  3953 | D:5      | Entered Level 5 of the Dungeon
  3956 | D:5      | Identified the ring of Havass {Fire rPois rN+ Str+4 Dex-3
                  | Stlth+}
  3960 | D:5      | Reached skill level 12 in Bows
  3960 | D:5      | Reached XP level 8. HP: 37/37 MP: 9/9
  4319 | D:5      | Reached skill level 13 in Bows
  4857 | D:6      | Reached skill level 14 in Bows
  4966 | D:6      | Reached XP level 9. HP: 34/41 MP: 10/10
  5102 | D:6      | Reached skill level 15 in Bows
  5704 | D:6      | Found Myguch's Antique Weapon Emporium.
  5777 | D:6      | Reached skill level 16 in Bows
  6613 | D:7      | Reached skill level 17 in Bows
  6641 | D:7      | Found a flagged portal.
  6650 | Bailey   | Entered a bailey
  6959 | Bailey   | Reached XP level 10. HP: 32/46 MP: 11/11
  7803 | Bailey   | Reached skill level 18 in Bows
  8323 | D:7      | Found a hazy altar of Hepliaklqana.
  8596 | D:7      | Found a hide-covered altar of Uskayaw.
  8754 | D:7      | Found a blossoming altar of Fedhas.
  9073 | D:7      | Noticed Pikel
  9082 | D:7      | Killed Pikel
  9083 | D:7      | Reached skill level 19 in Bows
  9867 | D:8      | Found Qamaffim's Magic Scroll Shoppe.
  9870 | D:8      | Bought a scroll of identify for 28 gold pieces
  9870 | D:8      | Bought a scroll of identify for 28 gold pieces
  9870 | D:8      | Bought a scroll of noise for 14 gold pieces
  9870 | D:8      | Bought a scroll of blinking for 105 gold pieces
  9870 | D:8      | Bought a scroll of identify for 28 gold pieces
  9870 | D:8      | Identified a scroll of acquirement
  9871 | D:8      | Acquired 487 gold pieces
  9883 | D:8      | Reached skill level 5 in Dodging
 10341 | D:8      | Noticed Maurice
 10364 | D:8      | Killed Maurice
 10365 | D:8      | Reached XP level 11. HP: 49/49 MP: 12/12
 10603 | D:9      | Noticed Amaemon
 10608 | D:9      | Noticed Harold
 10656 | D:9      | Killed Harold
 11120 | D:9      | Killed Amaemon
 11121 | D:9      | Reached skill level 10 in Dodging
 11865 | D:9      | Noticed Prince Ribbit
 11870 | D:9      | Killed Prince Ribbit
 11977 | D:9      | Found a staircase to the Orcish Mines.
 12269 | D:10     | Entered Level 10 of the Dungeon
 12344 | D:10     | Noticed Grum
 12653 | D:10     | Killed Grum
 12913 | D:10     | Noticed a three-headed hydra
 13049 | D:10     | Killed a three-headed hydra
 13069 | D:10     | Identified the +8 halberd of Voudoaq {vorpal, rC+}
 13284 | D:10     | Found a snail-covered altar of Cheibriados.
 13284 | D:10     | Noticed Joseph
 13812 | D:10     | Found a radiant altar of Vehumet.
 14081 | D:11     | Reached XP level 12. HP: 53/53 MP: 13/13
 14103 | D:11     | Noticed a five-headed hydra
 14105 | D:11     | Noticed a two-headed ogre
 14132 | D:11     | Killed a five-headed hydra
 14142 | D:11     | Noticed a two-headed ogre
 14163 | D:11     | Killed a two-headed ogre
 14164 | D:11     | Reached skill level 15 in Dodging
 14287 | D:11     | Found a staircase to the Lair.
 14669 | D:11     | Noticed a boulder beetle
 14691 | D:11     | Killed a boulder beetle
 14947 | D:11     | Killed a two-headed ogre
 15096 | D:11     | Noticed a two-headed ogre
 15103 | D:11     | Killed a two-headed ogre
 15471 | D:11     | Noticed a centaur warrior
 15488 | D:11     | Slain by a centaur warrior

Illustrated notes

Levels and vault maps discovered:
D:1:      minmay_arrival_jagged, layout_rooms, basic_ecumenical_altar,
          minmay_misc_feat_four_crosses, minmay_pentomino_t4
D:2:      minmay_skewed_foursquare, layout_rooms
D:3:      layout_basic, portal_sewer_entry_e, ebering_dispersal_statue_hall,
          uniq_terence, uniq_sigmund, uniq_robin, uniq_grinder
D:4:      layout_rooms, temple_pool_b, lightli_corner_chamber, uniq_natasha
D:5:      layout_basic, nicolae_figureground_sparkle
D:6:      kennysheep_windowed_halls, layout_loops_corners, serial_shops,
          nicolae_shop_behind_doors, nicolae_benzene_ring
D:7:      layout_loops_corners, mainiacjoe_overflow_large_starburst,
          worldfamousw_hep_ancestral_shrine, enter_bailey_8, minivault_5,
          uniq_pikel
D:8:      layout_basic, serial_shops, nicolae_shop_behind_doors, uniq_maurice
D:9:      layout_small_grid, kennysheep_orc_monster_closet_entryway,
          serial_bayou_lagoon_b, uniq_harold, uniq_amaemon, uniq_prince_ribbit1
D:10:     layout_roguey, mainiacjoe_overflow_chevrons, general_overflow_altar,
          hangedman_ranch, uniq_grum, uniq_joseph
D:11:     minmay_quarter_circles, layout_loops_ring, hive_lemuel
Temple:   minmay_temple_bridge_d

Skill      XL: |  1  2  3  4  5  6  7  8  9 10 11 12 |
---------------+-------------------------------------+-----
Bows           | 5 6 7 9 10 12 14 17 19 | 19.2
Dodging        | 7 14 18 | 18.5
Fighting       | |  1.5
Stealth        | |  1.5

Action                   |  1- 3 |  4- 6 |  7- 9 | 10-12 || total
-------------------------+-------+-------+-------+-------++-------
Melee: Unarmed           |       |       |       |    12 ||    12
 Fire: Shortbow          |    73 |   128 |   485 |   939 ||  1625
Throw: Dart              |       |       |       |     2 ||     2
Evoke: Wand              |       |       |       |     3 ||     3
       Phial of floods   |       |       |       |     1 ||     1
  Use: Scroll            |       |     7 |     5 |    12 ||    24
       Potion            |       |     2 |       |     2 ||     4
Armor: Robe              |     2 |    13 |    13 |     6 ||    34
Dodge: Dodged            |    17 |    98 |    82 |   171 ||   368
Block: Other             |       |       |       |    27 ||    27
       Reflection        |       |       |       |     6 ||     6

Table legend: (Time is in decaauts)
 A = Elapsed time spent in this place.
 B = Non-inter-level travel time spent in this place.
 C = Inter-level travel time spent in this place.
 D = Time resting spent in this place.
 E = Time spent auto-exploring this place.
 F = Levels seen in this place.
 G = Mean time per level.
                   A        B        C        D        E       F      G
               +--------+--------+--------+--------+--------+-----+--------+
         Total |  11851 |  11577 |    274 |   2710 |   5877 |  13 |  911.6 |
       Dungeon |  10478 |  10204 |    274 |   2106 |   5693 |  11 |  952.5 |
        Temple |    120 |    120 |      0 |      0 |     76 |   1 |  120.0 |
        Bailey |   1252 |   1252 |      0 |    603 |    107 |   1 | 1252.0 |
               +--------+--------+--------+--------+--------+-----+--------+

Top non-repeatable levels by time:
     D:9: 1744 daAuts
     D:6: 1292 daAuts
  Bailey: 1252 daAuts
    D:10: 1134 daAuts
    D:11: 1129 daAuts
     D:7: 998 daAuts
     D:3: 879 daAuts
     D:2: 774 daAuts
     D:8: 708 daAuts
     D:1: 705 daAuts
     D:4: 583 daAuts
     D:5: 528 daAuts
  Temple: 120 daAuts
